 Dungeon Crawl Stone Soup version 0.31.0-11-ge490571c62 (webtiles) character file.

Game seed: 18423030375667116761

496 qw the Skirmisher (level 6, 0/36 HPs)
             Began as a Deep Elf Hunter on Feb 4, 2024.
             Incinerated by a bombardier beetle (4 damage)
             ... with a burning spray
             ... on level 5 of the Dungeon.
             The game lasted 00:00:11 (2414 turns).

qw the Skirmisher (Deep Elf Hunter)                 Turns: 2414, Time: 00:00:11

Health: 0/36       AC:  7    Str: 10    XL:     6   Next: 93%
Magic:  8/8        EV: 11    Int: 14    God:
Gold:   228        SH:  5    Dex: 18    Spells: 5/5 levels left

rFire   . . .        b - +3 orcbow (heavy)
rCold   . . .        (shield currently unavailable)
rNeg    . . .        c - +0 ring mail
rPois   .            (no helmet)
rElec   .            (no cloak)
rCorr   .            f - +0 pair of gloves
SInv    .            g - +0 pair of boots
Will    .....        j - amulet of reflection
Stlth   +            (no ring)
HPRegen 0.26/turn    (no ring)
MPRegen 0.11/turn

%: reflection
@: on fire, glowing
A: no striking features
a: no special abilities


You were on level 5 of the Dungeon.
You visited 1 branch of the dungeon, and saw 5 of its levels.

You collected 228 gold pieces.


   Skills:
 - Level 2.6 Fighting
 - Level 10.0 Ranged Weapons
 - Level 1.0 Armour
 + Level 2.7 Dodging
 - Level 1.2 Stealth


You had 5 spell levels left.
You didn't know any spells.
Your spell library was empty.

Inventory:

Hand Weapons
 b - a +3 heavy orcbow (weapon)
Armour
 c - a +0 ring mail (worn)
 f - a +0 pair of gloves (worn)
 g - a +0 pair of boots (worn)
Jewellery
 j - an amulet of reflection (around neck)
Wands
 o - a wand of mindburst (21)
Scrolls
 k - 3 scrolls of teleportation
Potions
 a - a potion of heal wounds
 d - 2 potions of curing
 h - 3 potions of might
 m - a potion of cancellation {unknown}
 n - a potion of attraction {unknown}

Dungeon Overview and Level Annotations

Branches:
Dungeon (5/15)
 Temple: D:4-7

Altars:
Uskayaw


Message History

There is a stone staircase leading up here.
Things that are here:
a +0 dagger; 2 stones Done exploring.
Done exploring.
What level of the Dungeon? (default 4, ? - help)
There is a stone staircase leading down here.
You climb downwards.
Found a stone staircase leading down.
There is a stone staircase leading up here.
Waypoint 4 assigned to D:5.
Found a scroll of immolation.
Found a stone staircase leading up.
A bombardier beetle comes into view.
You shoot an arrow. The arrow hits the bombardier beetle!
The bombardier beetle is severely wounded.
The bombardier beetle sprays incendiary fluid at you.
The burning spray hits you.
You are covered in liquid fire!
You shoot an arrow. The arrow hits the bombardier beetle!
You kill the bombardier beetle!
The liquid fire burns you!
Your Ranged Weapons skill increases to level 10!
You are on fire!
The liquid fire burns you!
You are on fire!
The liquid fire burns you!
You are on fire!
The liquid fire burns you!
You are on fire!
The liquid fire burns you!
You are on fire!
The liquid fire burns you!
You are on fire!
The liquid fire burns you!
You are on fire!
The liquid fire burns you!
You are on fire!
The liquid fire burns you!
You die...

###...###..
###.........
...>.......
#.#.###.....####. #
#......<..........#
##...###....##....#.
#.....?....###.....
....##..........#
..........@.....#
...###.#.....!<...
......##+#####
..##..### . ....
###.# #.


There were no monsters in sight!

Vanquished Creatures
  Sigmund (D:2)
  A black bear (D:4)
  A scorpion (D:4)
  A bombardier beetle (D:5)
  7 adders
  4 dart slugs
  A ribbon worm (D:2)
  5 orcs (D:4)
  11 endoplasms
  2 giant cockroaches (D:1)
  4 goblins
  4 hobgoblins
  15 kobolds
  A quokka (D:1)
  A ball python (D:1)
  10 bats
  4 frilled lizards
  7 rats
80 creatures vanquished.

Notes
Turn   | Place    | Note
-------+----------+-------------------------------------------
     0 | D:1      | qw the Deep Elf Hunter began the quest for the Orb.
     0 | D:1      | Reached XP level 1. HP: 12/12 MP: 3/3
     0 | D:1      | 0 ||| qw: Version: 0.3-a-160-g6735b56
     0 | D:1      | 0 ||| qw: Game counter: 5085
     0 | D:1      | 0 ||| qw: Melee chars always use a shield: true
     0 | D:1      | 0 ||| qw: God list: Okawaru
     0 | D:1      | 0 ||| qw: Allow faded altars: false
     0 | D:1      | 0 ||| qw: Do Orc after clearing Dungeon:15 true
     0 | D:1      | 0 ||| qw: Do second Lair branch before Depths: true
     0 | D:1      | 0 ||| qw: Lair rune preference: random
     0 | D:1      | 0 ||| qw: Goals: Normal
     0 | D:1      | 0 ||| PLANNING D:1-11
   213 | D:1      | Reached skill level 6 in Ranged Weapons
   213 | D:1      | Reached XP level 2. HP: 16/16 MP: 4/4
   540 | D:1      | Found a faded altar of an unknown god.
   545 | D:1      | Reached XP level 3. HP: 20/20 MP: 5/5
   678 | D:1      | 678 ||| UPGRADING to +0 pair of gloves.
   683 | D:1      | 683 ||| UPGRADING to +0 pair of boots.
   688 | D:1      | 688 ||| READING scroll labelled FOSAOVI NUITOA.
   689 | D:1      | 689 ||| READING scroll labelled NENTOC KATSYC.
   694 | D:1      | 694 ||| DRINKING 2 fuming puce potions.
   697 | D:1      | 697 ||| DROPPING scroll of butterflies.
   698 | D:1      | 698 ||| DROPPING potion of ambrosia.
   779 | D:2      | Found a hide-covered altar of Uskayaw.
   829 | D:2      | Reached skill level 7 in Ranged Weapons
   957 | D:2      | 957 ||| READING scroll labelled XAIMAI IVVAO.
   958 | D:2      | 958 ||| READING 2 scrolls labelled VOPTEU KUFA.
   958 | D:2      | 958 ||| IDENTIFYING blue potion
   961 | D:2      | 961 ||| READING scroll of identify.
   961 | D:2      | 961 ||| IDENTIFYING green potion
   962 | D:2      | 962 ||| READING scroll labelled BYIHAQ YRRESISH.
   962 | D:2      | Identified a scroll of acquirement
   962 | D:2      | 962 ||| ACQUIRING +3 heavy orcbow
   962 | D:2      | Acquired a +3 heavy orcbow
   974 | D:2      | 974 ||| FLEEEEING.
   975 | D:2      | 975 ||| FLEEEEING.
   976 | D:2      | 976 ||| FLEEEEING.
   977 | D:2      | 977 ||| FLEEEEING.
   978 | D:2      | 978 ||| FLEEEEING.
   979 | D:2      | 979 ||| FLEEEEING.
   980 | D:2      | 980 ||| FLEEEEING.
   981 | D:2      | 981 ||| FLEEEEING.
   982 | D:2      | 982 ||| FLEEEEING.
   983 | D:2      | 983 ||| FLEEEEING.
   984 | D:2      | 984 ||| FLEEEEING.
   985 | D:2      | 985 ||| FLEEEEING.
   986 | D:2      | 986 ||| FLEEEEING.
   987 | D:2      | 987 ||| FLEEEEING.
   989 | D:2      | 989 ||| STAIRDANCE
  1033 | D:1      | 1033 ||| READING scroll labelled GISOKI IB ECO.
  1034 | D:1      | 1034 ||| DROPPING potion of lignification.
  1053 | D:2      | 1053 ||| SWAPPING to +3 heavy orcbow.
  1054 | D:2      | 1054 ||| DROPPING +0 shortbow.
  1073 | D:2      | Noticed Sigmund
  1078 | D:2      | Reached XP level 4. HP: 16/25 MP: 6/6
  1080 | D:2      | 1080 ||| DRINKING potion of curing.
  1080 | D:2      | 1080 ||| (to cure confusion)
  1081 | D:2      | Killed Sigmund
  1082 | D:2      | Reached skill level 9 in Ranged Weapons
  1082 | D:2      | Reached XP level 5. HP: 22/29 MP: 7/7
  1225 | D:2      | 1225 ||| UPGRADING to +1 robe of willpower.
  1235 | D:2      | 1235 ||| DROPPING +0 leather armour.
  1236 | D:2      | 1236 ||| UPGRADING to +0 scale mail.
  1246 | D:2      | 1246 ||| DROPPING +1 robe of willpower.
  1247 | D:2      | 1247 ||| DRINKING 3 sapphire potions.
  1323 | D:3      | Identified the +6 whip of Beogh's Benevolence {heavy, rC+}
  1470 | D:3      | Reached XP level 6. HP: 16/34 MP: 8/8
  1954 | D:3      | 1954 ||| UPGRADING to +0 ring mail.
  1964 | D:3      | 1964 ||| DROPPING +0 scale mail.
  1965 | D:3      | 1965 ||| UPGRADING to amulet of reflection.
  1970 | D:3      | 1970 ||| READING scroll of identify.
  1970 | D:3      | 1970 ||| IDENTIFYING orange potion
  1971 | D:3      | 1971 ||| READING scroll labelled ZYATEY TOXT.
  1972 | D:3      | 1972 ||| READING scroll labelled QODUUT LAIBAR.
  2053 | D:4      | Reached skill level 1 in Armour
  2399 | D:5      | Entered Level 5 of the Dungeon
  2407 | D:5      | Reached skill level 10 in Ranged Weapons
  2412 | D:5      | HP: 6/36 [burnt (4)]
  2414 | D:5      | Incinerated by a bombardier beetle

Levels and vault maps discovered:
D:1:      onia_arrival_mini_spirals, layout_basic,
          chequers_ecumenical_altar_grove, minmay_quantized
D:2:      layout_rooms, basic_altar, minmay_tetromino_l4, uniq_sigmund
D:3:      layout_loops_ring, minmay_ruptured
D:4:      layout_cave_pools, hex_tiny, corexii_leaking_fountain,
          grunt_decor_junction
D:5:      layout_basic, mainiacjoe_overflow_concentric_impassable

Skill      XL: |  1  2  3  4  5  6 |
---------------+-------------------+-----
Ranged Weapons | 6 7 9 10 | 10.0
Fighting       | 2 |  2.6
Armour         | 1 |  1.0
Dodging        | |  2.7
Stealth        | |  1.2

Action                     |  1- 3 |  4- 6 || total
---------------------------+-------+-------++-------
   Fire: Shortbow          |    92 |       ||    92
         Orcbow            |     6 |    71 ||    77
    Use: Scroll            |     7 |     3 ||    10
         Potion            |     1 |     2 ||     3
 Armour: Leather armour    |     9 |     1 ||    10
         Scale mail        |       |    19 ||    19
         Ring mail         |       |    11 ||    11
  Dodge: Dodged            |    16 |    22 ||    38
  Block: Other             |       |     2 ||     2
         Reflection        |       |     1 ||     1

Table legend:
 A = Non-vault XP
 B = Vault XP
 C = Vault XP percentage of total XP
 D = Non-vault monster count
 E = Vault monster count
 F = Vault count percentage of total count
                 A         B        C        D         E       F
            +---------+---------+-------+---------+---------+-------
      Total |     443 |     266 |  37.5 |      68 |      12 |  15.0
            +---------+---------+-------+---------+---------+-------
        D:1 |      35 |       8 |  18.6 |      21 |       5 |  19.2
        D:2 |      56 |     241 |  81.1 |      18 |       4 |  18.2
        D:3 |      23 |      17 |  42.5 |       7 |       3 |  30.0
        D:4 |     275 |       0 |   0.0 |      21 |       0 |   0.0
        D:5 |      54 |       0 |   0.0 |       1 |       0 |   0.0
            +---------+---------+-------+---------+---------+-------
